 Seeded DCSS version 0.28-a0-1567-g1695149f81 (webtiles) character file.

Game seed: 818 (custom seed)

242 knot the Chopper (level 5, -5/41 HPs)
             Began as a Demonspawn Berserker on Jan 20, 2022.
             Was a Believer of Trog.
             Slain by a kobold brigand (7 damage)
             ... in a sewer.
             The game lasted 00:01:59 (3060 turns).

knot the Chopper (Demonspawn Berserker)             Turns: 3060, Time: 00:02:00

Health: -5/41      AC:  2    Str: 17    XL:     5   Next: 82%
Magic:  5/5        EV: 12    Int: 10    God:    Trog [**....]
Gold:   95         SH:  0    Dex: 13    Spells: 4/4 levels left

rFire   . . .      SeeInvis .   a - +0 hand axe
rCold   . . .      Faith    .   (no shield)
rNeg    . . .      Spirit   .   b - +0 animal skin
rPois   .          Reflect  .   (helmet restricted)
rElec   .          Harm     .   (no cloak)
rCorr   .          Rampage  .   (no gloves)
Will    .....                   (no boots)
Stlth   +.........              (no amulet)
HPRegen 0.13/turn               (no ring)
MPRegen 0.09/turn               (no ring)

@: lethally poisoned (-5 -> -6), on berserk cooldown, slowed, very slow
A: horns 2
a: Renounce Religion, Berserk, Trog's Hand


You were in a sewer.
You worshipped Trog.
Trog was pleased with you.
You visited 1 branch of the dungeon, and saw 3 of its levels.
You also visited: Sewer.

You collected 95 gold pieces.

Inventory:

Hand Weapons
 a - a +0 hand axe (weapon)
Missiles
 e - 51 stones (quivered)
 k - 11 poisoned darts
Armour
 b - a +0 animal skin (worn)
Jewellery
 i - a ring of see invisible
Scrolls
 c - a scroll of immolation {unknown}
 f - a scroll of noise {unknown}
 h - a scroll of enchant weapon {unknown}
 j - 2 scrolls of amnesia {unknown}
Potions
 d - a potion of berserk rage {unknown}
 g - a potion of magic
 l - a potion of invisibility {unknown}
 m - a potion of resistance {unknown}


   Skills:
 - Level 3.0 Fighting
 + Level 6.0 Axes
 - Level 1.7 Armour
 - Level 1.7 Dodging


You had 4 spell levels left.
You didn't know any spells.
Your spell library contained the following spells:

 Spells                   Type           Power      Damage    Failure   Level
 Foxfire                  Conj/Fire      0%         2x1d4     36%         1
 Conjure Flame            Conj/Fire      0%         6-21      75%         3
 Ignite Poison            Fire/Tmut/Pois 0%         N/A       75%         3
 Inner Flame              Hex/Fire       0%         N/A       75%         3
 Mephitic Cloud           Conj/Pois/Air  0%         N/A       75%         3
 Flame Wave               Conj/Fire      0%         2d4       98%         4
 Fulminant Prism          Conj/Hex       0%         3d6       98%         4
 Iskenderun's Mystic Bla  Conj/Tloc      0%         2d3       98%         4
 Freezing Cloud           Conj/Ice/Air   0%         6-21      100%        5
 Lee's Rapid Deconstruct  Erth           0%         3d5*      100%        5


Dungeon Overview and Level Annotations

Branches:
Dungeon (3/15)              Sewer (1/1)

Altars:


Innate Abilities, Weirdness & Mutations

You have a pair of horns on your head.


Message History

Trog accepts your kill.
You hear a splash. x2
You barely miss the kobold.
You feel sick. The kobold hits you with a +0 club.
Your Axes skill increases to level 6!
You slash the kobold!
You kill the kobold!
Trog accepts your kill.
You feel sick.
You slash the kobold!
You kill the kobold!
Trog accepts your kill.
You feel sick.
You are no longer poisoned.
The kobold brigand throws a poisoned dart.
The poisoned dart hits you!
You are poisoned.
You feel sick.
There is a large open door here.
Items here: (( )))) †.
You feel a strong urge to attack something.
You are no longer berserk.
You are exhausted.
You feel yourself slow down.
You feel sick.
The kobold brigand hits you with a +0 short sword.
You hit the kobold brigand. You headbutt the kobold brigand.
The kobold brigand is moderately wounded.
You feel sick.
The kobold brigand hits you but does no damage.
You miss the kobold brigand. You headbutt the kobold brigand.
The kobold brigand is heavily wounded.
You feel sick.
The kobold brigand hits you with a +0 short sword!
* * * LOW HITPOINT WARNING * * *
The kobold brigand hits you with a +0 short sword!
* * * LOW HITPOINT WARNING * * *
It was a potion of magic.
Magic courses through your body.
* * * LOW HITPOINT WARNING * * *
You feel sick.
The kobold brigand hits you with a +0 short sword!
You die...

##....#≈≈≈#P≈P....##
#.....#≈≈≈#≈......#
#.....#≈≈≈#≈......#
#..≈≈P#≈≈≈#.......#
#...≈≈#≈≈≈#≈.≈...##
#..≈≈P#≈≈≈#≈≈≈...#
#..)≈≈≈≈≈≈#≈≈..###
###)'##≈≈≈##))##
#.@..#≈≈≈#...[#
#.K..# ###....#
#!.∩.# #.∩..# #.?.!#
#....# ###### ######


You could see a kobold brigand.

Vanquished Creatures
  2 kobold brigands (Sewer)
  3 adders (D:2)
  4 worms
  2 dart slugs (D:2)
  7 endoplasms
  2 giant cockroaches
  4 goblins
  A hobgoblin (D:1)
  16 kobolds
  A quokka (D:2)
  3 ball pythons
  7 bats
  6 frilled lizards
  4 rats
62 creatures vanquished.

Vanquished Creatures (others)
  3 plants (Sewer)
3 creatures vanquished.

Grand Total: 65 creatures vanquished

Notes
Turn   | Place    | Note
-------+----------+-------------------------------------------
     0 | D:1      | knot the Demonspawn Berserker began the quest for the Orb.
     0 | D:1      | Reached XP level 1. HP: 18/18 MP: 1/1
   295 | D:1      | Reached skill level 3 in Axes
   703 | D:1      | Gained mutation: You have a pair of small horns on your
                  | head. [demonic ancestry]
   703 | D:1      | Reached XP level 2. HP: 21/24 MP: 2/2
  1286 | D:2      | Reached XP level 3. HP: 21/29 MP: 3/3
  1500 | D:2      | Reached skill level 4 in Axes
  1515 | D:2      | Reached ** piety under Trog
  2129 | D:2      | Found a faded altar of an unknown god.
  2234 | D:2      | Reached XP level 4. HP: 35/35 MP: 4/4
  2564 | D:3      | Found a glowing drain.
  2668 | Sewer    | Entered a sewer
  2850 | Sewer    | Noticed a kobold brigand
  2855 | Sewer    | Killed a kobold brigand
  2856 | Sewer    | Reached skill level 5 in Axes
  2856 | Sewer    | Gained mutation: You have a pair of horns on your head.
                  | [demonic ancestry]
  2856 | Sewer    | Reached XP level 5. HP: 41/41 MP: 5/5
  3054 | Sewer    | Reached skill level 6 in Axes
  3060 | Sewer    | HP: 2/41 [poisoned by a kobold brigand]
  3060 | Sewer    | Slain by a kobold brigand

Illustrated notes

Levels and vault maps discovered:
D:1:      denvon_arrival_planthouse, layout_basic, kennysheep_crisscross,
          chequers_serial_rivers_micro_b, grunt_decor_mini_mirrors
D:2:      layout_loops_ring, hellmonk_ecumenical_altar_pennies_from_heaven,
          hangedman_abyss_or_decor_lesser_grid
D:3:      kb_forest_paths, layout_rooms, mainiacjoe_overflow_catwalk,
          cheibrodos_sewer_entry_drain, minmay_between
Sewer:    kennysheep_pipe_town

Skill      XL: |  1  2  3  4  5 |
---------------+----------------+-----
Axes           | 3 4 5 6 |  6.0
Fighting       | |  3.0
Armour         | |  1.7
Dodging        | |  1.7

Action                   |  1- 3 |  4- 6 || total
-------------------------+-------+-------++-------
Melee: Hand axe          |    89 |    69 ||   158
       Headbutt          |     8 |     7 ||    15
       Punch             |     2 |       ||     2
Invok: Berserk           |     2 |     3 ||     5
  Use: Potion            |       |     1 ||     1
 Stab: Sleeping          |     2 |       ||     2
Armor: Animal skin       |    15 |    20 ||    35
Dodge: Dodged            |    46 |    53 ||    99

Table legend: (Time is in decaauts)
 A = Elapsed time spent in this place.
 B = Non-inter-level travel time spent in this place.
 C = Inter-level travel time spent in this place.
 D = Time resting spent in this place.
 E = Time spent auto-exploring this place.
 F = Levels seen in this place.
 G = Mean time per level.
                   A        B        C        D        E       F      G
               +--------+--------+--------+--------+--------+-----+--------+
         Total |   3137 |   3097 |     40 |    617 |   2094 |   4 |  784.2 |
       Dungeon |   2713 |   2673 |     40 |    463 |   1929 |   3 |  904.3 |
         Sewer |    423 |    423 |      0 |    153 |    164 |   1 |  423.0 |
               +--------+--------+--------+--------+--------+-----+--------+

Top non-repeatable levels by time:
     D:2: 1424 daAuts
     D:1: 1219 daAuts
   Sewer: 423 daAuts
     D:3: 69 daAuts
